 Dungeon Crawl Stone Soup version 0.27.1-3-gb3d3a73c9e (webtiles) character file.

Game seed: 16304081519739009501

14 horus123 the Skirmisher (level 2, -1/27 HPs)
             Began as a Hill Orc Abyssal Knight on Oct 26, 2021.
             Was a Follower of Lugonu.
             Slain by a kobold (3 damage)
             ... on level 1 of the Dungeon.
             The game lasted 00:01:30 (352 turns).

horus123 the Skirmisher (Hill Orc Abyssal Knight)    Turns: 352, Time: 00:01:31

Health: -1/27      AC:  3    Str: 14    XL:     2   Next: 41%
Magic:  4/4        EV: 11    Int: 12    God:    Lugonu [*.....]
Gold:   16         SH:  0    Dex: 10    Spells: 1/1 levels left

rFire    . . .     SeeInvis .   e - +1 short sword (freeze)
rCold    . . .     Faith    .   (no shield)
rNeg     . . .     Spirit   .   b - +0 leather armour
rPois    .         Reflect  .   (no helmet)
rElec    .         Harm     .   (no cloak)
rCorr    .         Rampage  .   (no gloves)
Will     .....                  (no boots)
Stlth    +.........             (no amulet)
HPRegen  0.09/turn              (no ring)
MPRegen  0.09/turn              (no ring)

@: no status effects
A: no striking features
a: Renounce Religion, Depart the Abyss


You were on level 1 of the Dungeon.
You worshipped Lugonu.
Lugonu was aware of your devotion.
You visited 1 branch of the dungeon, and saw 1 of its levels.
You visited the Abyss 1 time.

You collected 16 gold pieces.

Inventory:

Hand Weapons
 a - a +1 falchion
 e - a +1 short sword of freezing (weapon)
Missiles
 c - a throwing net
Armour
 b - a +0 leather armour (worn)


   Skills:
 + Level 4.1 Fighting
 + Level 2.4 Long Blades
 + Level 2.3 Armour
 + Level 0.7 Dodging
 * Level 2.7 Invocations


You had one spell level left.
You didn't know any spells.
Your spell library was empty.

Dungeon Overview and Level Annotations

Branches:
Dungeon (1/15)

Altars:


Message History

The rat bites you but does no damage.
The jackal bites you but does no damage.
The hobgoblin barely misses you.
You hit the rat. You freeze the rat.
You kill the rat!
Lugonu accepts your kill.
The jackal bites you but does no damage.
The jackal closely misses you. The jackal barely misses you.
The hobgoblin hits you but does no damage.
The endoplasm jiggles.
The hobgoblin closely misses you. The hobgoblin hits you.
The jackal closely misses you.
You aren't carrying any potions.
As you read the scroll labelled GUYSUFIS XIMN, it crumbles to dust.
It is a scroll of identify.
You don't have any unidentified items.
The jackal closely misses you. The hobgoblin misses you.
You barely miss the jackal. The endoplasm freezes you.
You are frozen.
The jackal bites you but does no damage.
The jackal bites you.
The jackal bites you but does no damage.
The hobgoblin closely misses you.
The kobold throws a stone.
The stone hits you but does no damage.
The endoplasm hits you but does no damage.
The kobold misses you. The jackal bites you.
* * * LOW HITPOINT WARNING * * *
The jackal bites you but does no damage.
You hit the jackal. You freeze the jackal.
The jackal is heavily wounded.
The endoplasm freezes you.
You are frozen.
* * * LOW HITPOINT WARNING * * *
The jackal bites you.
* * * LOW HITPOINT WARNING * * *
The hobgoblin barely misses you. The jackal closely misses you.
The kobold hits you with a +0 short sword.
You die...

.......... ......#
#........# #.##.#
#........# #.....
##........####..P≈≈
#.........#.....≈≈≈
##.........#.....≈≈≈
#.................≈≈
##..hK............†..
#...@hJ.....[......≈≈
#...gJg...........≈≈≈
#....g..##....##†.≈≈≈
#.......##....##..P≈≈
#.......##....##....†
#.......##....##....†
#.......##....##.####
######### #.##..
#.....


You could see 2 endoplasms, 2 jackals, 2 hobgoblins, a goblin and a kobold.

Vanquished Creatures
  2 dart slugs (D:1)
  A bat (D:1)
  2 jackals (D:1)
  A kobold (D:1)
  2 ball pythons (D:1)
  A frilled lizard (D:1)
  A rat (D:1)
10 creatures vanquished.

Vanquished Creatures (others)
  2 plants (D:1)
2 creatures vanquished.

Grand Total: 12 creatures vanquished

Notes
Turn   | Place    | Note
-------+----------+-------------------------------------------
     0 | Abyss:1  | horus123 the Hill Orc Abyssal Knight began the quest for
                  | the Orb.
     0 | Abyss:1  | Reached XP level 1. HP: 19/19 MP: 2/2
    43 | Abyss:1  | Noticed an ancient zyme
    47 | D:1      | Escaped the Abyss
   156 | D:1      | Reached * piety under Lugonu
   205 | D:1      | Reached skill level 4 in Fighting
   217 | D:1      | Reached XP level 2. HP: 27/27 MP: 3/3
   352 | D:1      | Slain by a kobold

Illustrated notes

Levels and vault maps discovered:
D:1:      giann_bridges, layout_basic, chequers_serial_rivers_room_b,
          grunt_decor_clamped

Skill      XL: |  1 |
---------------+----+-----
Fighting       | 4 |  4.1
Long Blades    | |  2.4
Armour         | |  2.3
Dodging        | |  0.7
Invocations    | |  2.7

Action                   || total
-------------------------++-------
Melee: Falchion          ||    23
       Short sword       ||    13
Invok: Depart the Abyss  ||     1
  Use: Scroll            ||     1
Armor: Leather armour    ||    53
Dodge: Dodged            ||   104
       Rpst.: Falchion   ||     8
